Selects Airborne Battlegroup
Construct Weapon Support Center
Selects Paratrooper Squad Paradrop
Paratrooper Squad Paradrop
Mechanized Support Center
Selects Anti-tank Gun Team Paradrop
Anti-tank Gun Team Paradrop
Selects Smoke Bombing Run
M4(105) Sherman Bulldozer
Paratrooper Squad Paradrop
Selects Paradrop Reinforcements
Designate Forward Repair Station
Designate Forward Repair Station
M4A1(76) Sherman Medium Tank
M4A1(76) Sherman Medium Tank
Selects Dual P-47 Rocket Strike
M4A1(76) Sherman Medium Tank